 Dungeon Crawl Stone Soup version 0.31.0-9-g3a7656b989 (webtiles) character file.

Game seed: 16152820765068987399

438 qw the Shooter (level 6, -2/30 HPs)
             Began as a Spriggan Hunter on Feb 2, 2024.
             Slain by Blork the orc
             ... wielding a +2 flail of distortion
              (21 damage)
             ... on level 3 of the Dungeon.
             The game lasted 00:00:12 (3244 turns).

qw the Shooter (Spriggan Hunter)                    Turns: 3244, Time: 00:00:13

Health: -2/30      AC:  4    Str:  7    XL:     6   Next: 69%
Magic:  7/7        EV: 21    Int: 10    God:
Gold:   182        SH:  0    Dex: 21    Spells: 5/5 levels left

rFire   + + .        a - +0 shortbow
rCold   . . .        (shield currently unavailable)
rNeg    . . .        c - +0 robe
rPois   .            (helmet restricted)
rElec   .            (no cloak)
rCorr   .            (gloves unavailable)
SInv    +            (boots unavailable)
Will    +....        m - amulet of regeneration
Stlth   ++           b - ring of protection from fire
HPRegen 1.05/turn    (no ring)
MPRegen 0.10/turn

%: no passive effects
@: very quick
A: very small, no large weapons, unfitting armour, see invisible, speed 3,
iridescent scales 1, fire resistance 1
a: no special abilities


You were on level 3 of the Dungeon.
You visited 1 branch of the dungeon, and saw 4 of its levels.
You also visited: Sewer.

You collected 182 gold pieces.


Innate Abilities, Weirdness & Mutations

You are very small and have problems with some larger weapons.
You are too small for most types of armour.
You have supernaturally acute eyesight. (SInv)
You cover ground extremely quickly. (Speed+++)
You are partially covered in iridescent scales. (AC +2)
Your flesh is heat resistant. (rF+)


   Skills:
 - Level 2.0 Fighting
 + Level 6.7 Ranged Weapons
 - Level 6.0 Dodging
 - Level 1.5 Stealth


You had 5 spell levels left.
You didn't know any spells.
Your spell library was empty.

Inventory:

Hand Weapons
 a - a +0 shortbow (weapon)
Armour
 c - a +0 robe (worn)
Jewellery
 b - a ring of protection from fire (left hand)
 m - an amulet of regeneration (around neck)
Scrolls
 k - 3 scrolls of teleportation
Potions
 d - a potion of cancellation
 e - 2 potions of mutation
 f - a potion of enlightenment {unknown}
 g - a potion of attraction {unknown}
 h - a potion of brilliance {unknown}
 i - a potion of curing
 j - a potion of resistance {unknown}
 o - a potion of magic {unknown}

Dungeon Overview and Level Annotations

Branches:
Dungeon (4/15)              Sewer (visited)
 Temple: D:4-7

Altars:
Dithmenos
Hepliaklqana
Trog
Uskayaw
Wu Jian

Annotations:
D:3 Blork the orc


Message History

3190 ||| UPGRADING to amulet of regeneration.
You start putting on your amulet.
You continue putting on your amulet of regeneration. x5
You finish putting on your amulet of regeneration.
The amulet throbs as it attunes itself to your uninjured body.
m - an amulet of regeneration (around neck)
3195 ||| READING scroll labelled BUBAFU COIKA.
As you read the scroll labelled BUBAFU COIKA, it dissolves into smoke.
It was a scroll of fog.
3196 ||| READING scroll labelled DUCEUK TUTOVU.
As you read the scroll labelled DUCEUK TUTOVU, it crumbles to dust.
It is a scroll of amnesia.
You feel forgetful for a moment.
3197 ||| DRINKING 2 yellow potions.
It was a potion of curing.
You feel better.
What level of the Dungeon? (default 1, ? - help)
There is a stone staircase leading down here.
You climb downwards.
You hear the hiss of flowing sand.
There is an entrance to an ossuary on this level.
Hurry and find it before the portal is buried!
Blork the orc shouts!
There is a stone staircase leading up here.
There are monsters nearby!
Waypoint 4 assigned to D:4.
3239 ||| PLANNING OSSUARY You shoot an arrow.
The arrow hits Blork the orc.
Blork the orc is lightly wounded.
You shoot an arrow. The arrow barely misses Blork the orc.
3241 ||| STAIRDANCE Blork the orc barely misses you.
You climb upwards.
There is a stone staircase leading down here.
You shoot an arrow. The arrow hits Blork the orc.
Blork the orc is moderately wounded.
Blork the orc miscasts a cantrip.
You shoot an arrow. The arrow hits Blork the orc!
Blork the orc is heavily wounded.
Blork the orc screams, "You are the ugliest creature I've ever seen!"
Blork the orc hits you with a +2 flail of distortion!
Space warps horribly around you!!
Ouch! That really hurt!
You die...

###################
#..........(.o@...#
#.###############.#
## #.# #.# #. #.#
##.## ##. #.#
####...####### #..
#.#
#............####..
#.#
#.##...#####..)....
#.# ##.###.##
#..###.. #.#
####...##.######..#
#..


You could see Blork the orc.

Vanquished Creatures
  A kobold brigand (Sewer)
  2 brain worms (Sewer)
  7 river rats (Sewer)
  8 adders
  3 dart slugs
  3 ribbon worms
  7 ball pythons
  8 bats
  8 endoplasms
  3 giant cockroaches
  7 goblins
  4 hobgoblins
  10 jackals
  10 kobolds
  A quokka (D:1)
  5 frilled lizards (D:1)
  10 rats
97 creatures vanquished.

Notes
Turn   | Place    | Note
-------+----------+-------------------------------------------
     0 | D:1      | qw the Spriggan Hunter began the quest for the Orb.
     0 | D:1      | Reached XP level 1. HP: 10/10 MP: 2/2
     0 | D:1      | 0 ||| qw: Version: 0.3-a-155-g5e7d8dd
     0 | D:1      | 0 ||| qw: Game counter: 168
     0 | D:1      | 0 ||| qw: Melee chars always use a shield: true
     0 | D:1      | 0 ||| qw: God list: Okawaru
     0 | D:1      | 0 ||| qw: Allow faded altars: false
     0 | D:1      | 0 ||| qw: Do Orc after clearing Dungeon:15 true
     0 | D:1      | 0 ||| qw: Do second Lair branch before Depths: true
     0 | D:1      | 0 ||| qw: Lair rune preference: random
     0 | D:1      | 0 ||| qw: Goals: Normal
     0 | D:1      | 0 ||| PLANNING D:1-11
    75 | D:1      | Reached skill level 3 in Dodging
   160 | D:1      | Found a faded altar of an unknown god.
   177 | D:1      | Reached XP level 2. HP: 14/14 MP: 3/3
   658 | D:1      | Reached XP level 3. HP: 18/18 MP: 4/4
   916 | D:1      | 916 ||| READING scroll labelled NIOSTR MOOCRI.
   917 | D:1      | 917 ||| READING scroll labelled XACLEB PIZYKK.
   918 | D:1      | 918 ||| DROPPING scroll of butterflies.
  1194 | D:2      | Reached XP level 4. HP: 22/22 MP: 5/5
  1705 | D:2      | 1705 ||| UPGRADING to ring of protection from fire.
  1706 | D:2      | 1706 ||| DROPPING +6 ring of intelligence.
  1707 | D:2      | 1707 ||| READING scroll labelled EZXOGA ZIAN.
  1808 | D:2      | 1808 ||| READING 2 scrolls labelled OMUIVU CARHAO.
  1822 | D:3      | 1822 ||| PLANNING SEWER
  1942 | D:3      | Found a glowing drain.
  1951 | Sewer    | Entered a sewer
  2068 | Sewer    | Reached XP level 5. HP: 26/26 MP: 6/6
  2139 | Sewer    | Reached skill level 6 in Ranged Weapons
  2232 | Sewer    | Reached skill level 6 in Dodging
  2232 | Sewer    | Reached XP level 6. HP: 28/30 MP: 7/7
  2677 | Sewer    | 2677 ||| DRINKING 2 smoky inky potions.
  2678 | Sewer    | 2678 ||| DRINKING 3 golden potions.
  2678 | Sewer    | Gained mutation: You are partially covered in iridescent
                  | scales. (AC +2) [potion of mutation]
  2678 | Sewer    | Gained mutation: Your flesh is heat resistant. (rF+)
                  | [potion of mutation]
  2684 | D:3      | 2684 ||| PLANNING D:1-11
  2977 | D:3      | Found a bloodstained altar of Trog.
  2979 | D:3      | Found a hide-covered altar of Uskayaw.
  3049 | D:3      | Found a hazy altar of Hepliaklqana.
  3050 | D:3      | Found a shadowy altar of Dithmenos.
  3053 | D:3      | Found an ornate altar of the Wu Jian Council.
  3190 | D:3      | 3190 ||| UPGRADING to amulet of regeneration.
  3195 | D:3      | 3195 ||| READING scroll labelled BUBAFU COIKA.
  3196 | D:3      | 3196 ||| READING scroll labelled DUCEUK TUTOVU.
  3197 | D:3      | 3197 ||| DRINKING 2 yellow potions.
  3238 | D:4      | Noticed Blork the orc
  3239 | D:4      | 3239 ||| PLANNING OSSUARY
  3241 | D:4      | 3241 ||| STAIRDANCE
  3244 | D:3      | Slain by Blork the orc

Levels and vault maps discovered:
D:1:      heliophobic_arrival_dark_side_of_the_moon, layout_loops_ring,
          shapermc_ecumenical_altar_rom_forum, serial_bayou_crossing
D:2:      minmay_chambers_of_ones, layout_loops_ring, nicolae_titane
D:3:      layout_loops_ring, nicolae_overflow_hidden_temple,
          cheibrodos_sewer_entry_drain
D:4:      layout_loops_ring, nicolae_ossuary_entry_plus, uniq_robin,
          uniq_blork_the_orc

Skill      XL: |  1  2  3  4  5 |
---------------+----------------+-----
Dodging        | 3 4 5 6 |  6.0
Ranged Weapons | 5 6 |  6.7
Fighting       | 2 |  2.0
Stealth        | |  1.5

Action                     |  1- 3 |  4- 6 || total
---------------------------+-------+-------++-------
   Fire: Shortbow          |   129 |   198 ||   327
    Use: Scroll            |     2 |     4 ||     6
         Potion            |       |     3 ||     3
 Armour: Robe              |     6 |    23 ||    29
  Dodge: Dodged            |    37 |    72 ||   109

Table legend:
 A = Non-vault XP
 B = Vault XP
 C = Vault XP percentage of total XP
 D = Non-vault monster count
 E = Vault monster count
 F = Vault count percentage of total count
                 A         B        C        D         E       F
            +---------+---------+-------+---------+---------+-------
      Total |     184 |     443 |  70.7 |      69 |      28 |  28.9
            +---------+---------+-------+---------+---------+-------
        D:1 |      44 |       0 |   0.0 |      26 |       0 |   0.0
        D:2 |      94 |      11 |  10.5 |      32 |       5 |  13.5
        D:3 |      46 |       3 |   6.1 |      11 |       2 |  15.4
      Sewer |       0 |     429 | 100.0 |       0 |      21 | 100.0
            +---------+---------+-------+---------+---------+-------
